 Dungeon Crawl Stone Soup version 0.30-a0-930-gb9d0489357 (webtiles) character file.

Game seed: 14602954708701845425

34 promet the Sneak (level 3, -4/24 HPs)
             Began as an Octopode Brigand on Mar 23, 2023.
             Slain by Robin
             ... wielding a +4 spear
              (5 damage)
             ... on level 2 of the Dungeon.
             The game lasted 00:06:30 (1486 turns).

promet the Sneak (Octopode Brigand)                 Turns: 1486, Time: 00:06:31

Health: -4/24      AC:  1    Str: 10    XL:     3   Next: 31%
Magic:  3/3        EV: 12    Int: 13    God:
Gold:   27         SH:  3    Dex: 15    Spells: 2/2 levels left

rFire   . . .      SeeInvis .    a - +2 dagger
rCold   . . .      Faith    .    i - +0 buckler
rNeg    . . .      Spirit   .    (helmet restricted)
rPois   .          Reflect  .    (no amulet)
rElec   .          Rampage  .    (no ring)
rCorr   .                        (no ring)
Will    .....                    (no ring)
Stlth   ++++                     (no ring)
HPRegen 0.24/turn                (no ring)
MPRegen 0.08/turn                (no ring)
                                 (no ring)
                                 (no ring)

@: weak-willed
A: almost no armour, amphibious, 8 rings, camouflage 1, gelatinous body 1,
(nimble swimmer 1), tentacles
a: no special abilities


You were on level 2 of the Dungeon.
You visited 1 branch of the dungeon, and saw 2 of its levels.

You collected 27 gold pieces.

Inventory:

Hand Weapons
 a - a +2 dagger (weapon)
 b - a +0 sling
Missiles
 c - 3 curare-tipped darts
 d - 17 stones
 j - 9 poisoned darts (quivered)
Armour
 i - a +0 buckler (worn)
Potions
 e - a potion of degeneration {unknown}
 f - a potion of invisibility {unknown}
 g - 2 potions of lignification {unknown}


   Skills:
 * Level 2.1 Fighting
 + Level 2.1 Short Blades
 + Level 0.2 Ranged Weapons
 + Level 2.0 Throwing
 + Level 1.1 Dodging
 + Level 6.6 Stealth


You had 2 spell levels left.
You didn't know any spells.
Your spell library was empty.

Dungeon Overview and Level Annotations

Branches:
Dungeon (2/15)

Altars:

Shops:
D:2 *(

Annotations:
D:2 Robin


Innate Abilities, Weirdness & Mutations

You cannot wear most types of armour.
You are amphibious.
You can wear up to eight rings at the same time.
Your skin changes colour to match your surroundings (Stealth+).
Your rubbery body absorbs attacks. (AC +1, EV +1)
((You are camouflaged when in or above water. (Stealth+)))
You have tentacles for arms and can constrict up to eight enemies at once.


Message History

You hit the goblin. You grab the goblin. You squeeze the goblin.
You kill the goblin!
The hobgoblin barely misses you. The goblin hits you with a +0 club.
Robin roars a battlecry!
The goblins go into a battle-frenzy!
Robin throws the goblin at you!
You see here a +0 club.
You closely miss the goblin. Your grab misses the goblin.
The goblin is poisoned.
The goblin barely misses you. The goblin hits you with a +0 club.
You hit the goblin. You grab the goblin.
The goblin is heavily wounded.
You constrict the goblin.
You kill the goblin!
The goblin is engulfed in poison gas.
The goblin looks even sicker.
You kill the goblin!
Robin throws the goblin at you!
You barely miss the hobgoblin. Your grab misses the hobgoblin.
You squeeze the hobgoblin.
You kill the hobgoblin!
The goblin is engulfed in poison gas.
The goblin is poisoned.
You kill the goblin!
You hit the goblin. Your grab misses the goblin.
The goblin is severely wounded.
You hit the goblin.
You kill the goblin!
You closely miss the goblin. You grab the goblin. You constrict the goblin.
The goblin barely misses you.
You hit the goblin. You squeeze the goblin.
You kill the goblin!
Robin barely misses you.
Press: ? - help, v - describe, . - travel
Here: Robin, wielding a +4 spear, wearing a +0 animal skin and wearing a +0 helmet The floor.
As you read the scroll labelled ALLUFO JEOV, it crumbles to dust.
Magic quickly surges around you.
It was a scroll of vulnerability.
Robin hits you from afar with a +4 spear!
* * * LOW HITPOINT WARNING * * *
Robin hits you with a +4 spear.
You die...

## g# ### §# #.# ##.#
#.# ### #..# #.# #.##
#..# #.# #..# #g§###
#####.#####..###@.§§#
.......<..☼☼°§○)§§#.#
.......###○○☼##○○°.°#
..##..........§§§☼###
..##.#.###...###☼.#
.....#.# #...# #°☼#
.....#.. ....# #☼○#
.###.#####.......##
.# #.# ###.#####


You could see Robin (weak-willed) and a goblin (strong, weak-willed).

Vanquished Creatures
  A worm (D:2)
  A dart slug (D:1)
  2 ball pythons (D:1)
  A bat (D:1)
  2 endoplasms
  A giant cockroach (D:1)
  2 hobgoblins
  2 quokkas (D:1)
  2 frilled lizards (D:1)
  8 goblins
  5 rats (D:1)
27 creatures vanquished.

Notes
Turn   | Place    | Note
-------+----------+-------------------------------------------
     0 | D:1      | promet the Octopode Brigand began the quest for the Orb.
     0 | D:1      | Reached XP level 1. HP: 14/14 MP: 1/1
   320 | D:1      | Reached XP level 2. HP: 19/19 MP: 2/2
   329 | D:1      | Reached skill level 6 in Stealth
   387 | D:1      | Found a faded altar of an unknown god.
  1274 | D:2      | Reached XP level 3. HP: 24/24 MP: 3/3
  1376 | D:2      | Found Zaekeiq's General Store.
  1434 | D:2      | Found Asyoqush's Antique Weapon Emporium.
  1442 | D:2      | Found Ininerod's Assorted Antiques.
  1472 | D:2      | Noticed Robin
  1485 | D:2      | HP: 1/24 [Robin/+4 spear (9)]
  1486 | D:2      | Slain by Robin

Illustrated notes

Levels and vault maps discovered:
D:1:      dpeg_arrival_signposts, layout_loops_corners,
          shapermc_ecumenical_altar_mp_urbaneastern
D:2:      kennysheep_big_flooded_room, layout_basic, serial_shops,
          nicolae_shop_crystal, nicolae_shop_waterfront, shop,
          nicolae_shop_stone, reono_crystal_passage, hex_intersection,
          minmay_hedge_maze, uniq_robin, uniq_crazy_yiuf_cottage

Skill      XL: |  1  2 |
---------------+-------+-----
Stealth        | 6 |  6.6
Fighting       | |  2.1
Short Blades   | |  2.1
Ranged Weapons | |  0.2
Throwing       | |  2.0
Dodging        | |  1.1

Action                     || total
---------------------------++-------
  Melee: Dagger            ||    38
         Tentacles         ||     6
         Constrict         ||     5
   Fire: Sling             ||     7
    Use: Scroll            ||     3
   Stab: Sleeping          ||    11
 Armour: Skin              ||     3
  Dodge: Dodged            ||    16
  Block: Buckler           ||     2

Table legend: (Time is in decaauts)
 A = Elapsed time spent in this place.
 B = Non-inter-level travel time spent in this place.
 C = Inter-level travel time spent in this place.
 D = Time resting spent in this place.
 E = Time spent auto-exploring this place.
 F = Levels seen in this place.
 G = Mean time per level.
                   A        B        C        D        E       F      G
               +--------+--------+--------+--------+--------+-----+--------+
         Total |   1483 |   1410 |     73 |    230 |    927 |   2 |  741.5 |
       Dungeon |   1483 |   1410 |     73 |    230 |    927 |   2 |  741.5 |
               +--------+--------+--------+--------+--------+-----+--------+

Top non-repeatable levels by time:
     D:1: 1237 daAuts
     D:2: 246 daAuts
